 Dungeon Crawl Stone Soup version 0.31-a0-996-g3b49de5836 (webtiles) character file.

Game seed: 2810928413882734634

4261 Revguard the Grappler (level 10, 0/102 HPs)
             Began as a Troll Monk on Nov 7, 2023.
             Was an Initiate of Ru.
             Slain by a gnoll sergeant
             ... wielding a +0 spear
              (3 damage)
             ... on level 8 of the Dungeon.
             The game lasted 00:20:56 (6071 turns).

Revguard the Grappler (Troll Monk)                  Turns: 6071, Time: 00:20:56

Health: 0/102      AC:  6    Str: 21    XL:     10   Next: 10%
Magic:  9/9        EV: 12    Int:  6    God:    Ru [......]
Gold:   270        SH:  0    Dex: 16    Spells: 9/9 levels left

rFire   . .          .
                       - Unarmed
rCold   + . .        c - orb {light}
rNeg    . . .        a - +0 robe
rPois   .            (helmet restricted)
rElec   .            f - +1 cloak
rCorr   .            (gloves unavailable)
SInv    .            (boots unavailable)
Will    .....        (no amulet) Stlth
                     u - ring of protection from cold
HPRegen 1.17/turn    (no ring)
MPRegen 0.11/turn

%: no passive effects
@: mighty, glowing
A: large, unfitting armour, claws 3, regeneration 1, shaggy fur 1, tough skin 1,
no stealth
a: Renounce Religion


You were on level 8 of the Dungeon.
You worshipped Ru.
Ru was noncommittal.
You visited 2 branches of the dungeon, and saw 9 of its levels.
You also visited: Ossuary.

You collected 377 gold pieces.
You spent 107 gold pieces at shops.

Inventory:

Armour
 a - a +0 robe (worn)
 c - an orb of light (worn)
 f - a +1 cloak (worn)
Jewellery
 s - an amulet of magic regeneration
 u - a ring of protection from cold (left claw)
 w - a ring of magical power
 x - a +6 ring of intelligence
 A - a ring of fire
Wands
 d - a wand of iceblast (5)
 k - a wand of charming (8)
 y - a wand of flame (25)
Scrolls
 e - 4 scrolls of teleportation
 h - a scroll of enchant weapon
 j - a scroll of enchant armour
 p - 2 scrolls of amnesia
 t - a scroll of noise
 v - 2 scrolls of revelation
 B - 4 scrolls of brand weapon
 C - 2 scrolls of identify
Potions
 b - a potion of attraction
 q - 2 potions of lignification
 r - 2 potions of might
 z - a potion of haste


   Skills:
 * Level 7.0 Fighting
 + Level 4.5 Armour
 + Level 5.3 Dodging
 * Level 8.3 Unarmed Combat
 + Level 3.9 Evocations
 - Level 0.4 Shapeshifting


You had 9 spell levels left.
You didn't know any spells.
Your spell library contained the following spells:

 Spells                   Type           Power      Damage    Failure   Level
 Summon Guardian Golem    Hex/Summ       0%         N/A       83%         3
 Orb of Destruction       Conj           0%         9d5       100%        7
 Spellforged Servitor     Conj/Summ      0%         N/A       100%        7


Dungeon Overview and Level Annotations

Branches:
Dungeon (8/15)             Temple (1/1) D:6            Lair (0/5) D:8
Ossuary (visited)

Altars:
Ashenzari
Cheibriados
Dithmenos
Elyvilon
Fedhas
Hepliaklqana
Kikubaaqudgha
Makhleb
Nemelex Xobeh
Okawaru
Qazlal
Ru
Sif Muna
Trog
Uskayaw
Vehumet
Wu Jian
Xom
Yredelemnul
Zin

Shops:
D:2 *=[?   D:5 *   D:6 [


Innate Abilities, Weirdness & Mutations

You are too large for most types of armour.
You have claws for hands.
Your natural rate of healing is unusually fast.
You are covered in fur. (AC +1)
You have tough skin. (AC +1)
You cannot be stealthy.


Message History

Press: ? - help, Dir - move target
Found a stone staircase leading up.
As you read the scroll of blinking, it crumbles to dust.
Aiming: Bolt of Light
Press: ? - help, Shift-Dir - straight line, f - gnoll
Aim: a gnoll, wielding a +0 flail (77% to hit)
The bolt of light hits the yak!!
You kill the yak!
The bolt of light misses the warg.
The bolt of light hits the gnoll!!
You kill the gnoll!
Your Fighting skill increases to level 7!
Aiming: Bolt of Light
Press: ? - help, Shift-Dir - straight line, f - orc priest
Aim: an orc priest, wielding a +0 hand axe and wearing a +0 leather armour (almost dead, blind, 74% to hit)
The bolt of light hits the warg!
The warg is almost dead.
The bolt of light misses the gnoll sergeant.
The bolt of light misses the orc priest.
The now-empty wand crumbles to dust.
Okay, then.
As you read the scroll of fear, it crumbles to dust.
You assume a fearsome visage.
The warg resists with some effort.
The orc wizard resists with some effort.
The orc priest looks frightened!
The gnoll sergeant looks frightened!
The gnoll looks frightened!
The warg barely misses you.
You scratch the warg.
The warg is almost dead.
The warg bites you!
* * * LOW HITPOINT WARNING * * *
Cornered, the gnoll sergeant turns to fight!
You feel better. The warg bites you!
* * * LOW HITPOINT WARNING * * *
You feel better. The warg bites you!
* * * LOW HITPOINT WARNING * * *
The warg bites you.
* * * LOW HITPOINT WARNING * * *
You feel better. The warg bites you!
* * * LOW HITPOINT WARNING * * *
The gnoll sergeant hits you from afar with a +0 spear.
You die...

#.# #.# ..#.# ..# ..(
##..#.# .## .....
+....<# ..# .....
#.....# #.#. #.#.#
#.....# .o$# #.#.#
#.....# #..###.#.#
#.....#
###....#.o.#####@....#
Y...##..g))..ogh....##
..Y.###...#######....#
#.......>## ..###
.#.####### ..# .# ...
. .... . #.###


You could see a warg, a gnoll sergeant and an orc wizard.

Vanquished Creatures
  The ghost of Pascal76 the Cleaver, a novice MiFi of Okawaru (D:6)
  The ghost of IsvaffelMax the Insei, a novice OpSh of Elyvilon (D:5)
  Grinder (D:6)
  Sigmund (D:2)
  3 yaks (D:8)
  Eustachio (D:6)
  2 wargs (D:8)
  Duvessa (D:4)
  4 ice beasts
  A sky beast (D:4)
  An ogre (D:6)
  3 phantoms
  Blork the orc (D:6)
  A bullfrog (D:7)
  2 scorpions
  Dowan (D:4)
  9 wights (D:7)
  2 howler monkeys
  5 jellies
  3 hounds
  4 iguanas
  3 sleepcaps
  3 orc wizards
  A mummy (Ossuary)
  Robin (D:2)
  5 adders
  2 gnolls (D:8)
  7 white imps
  3 worms (D:2)
  2 dart slugs
  16 orcs
  4 spectral bats (Ossuary)
  10 ball pythons
  9 endoplasms
  5 giant cockroaches
  12 gnoll zombies (Ossuary)
  14 goblins
  7 hobgoblins
  2 jackals (D:5)
  4 quokkas
  7 bats
  A bat simulacrum (Ossuary)
  A frilled lizard (D:1)
  4 goblin simulacra (Ossuary)
  3 goblin zombies (Ossuary)
  4 hobgoblin zombies (Ossuary)
  4 kobolds
  3 kobold simulacra (Ossuary)
  3 kobold zombies (Ossuary)
  8 orc zombies (Ossuary)
  7 rats
  A rat simulacrum (Ossuary)
  3 spectral goblins (Ossuary)
  5 spectral kobolds (Ossuary)
  A spectral rat (Ossuary)
213 creatures vanquished.

Notes
Turn   | Place    | Note
-------+----------+-------------------------------------------
     0 | D:1      | Revguard the Troll Monk began the quest for the Orb.
     0 | D:1      | Reached XP level 1. HP: 22/22 MP: 0/0
    80 | D:1      | Reached XP level 2. HP: 29/29 MP: 1/1
   686 | D:1      | Reached XP level 3. HP: 36/36 MP: 2/2
   789 | D:2      | Found Ililext's Armour Boutique.
   807 | D:2      | Found Isewumn's Jewellery Shop.
   921 | D:2      | Found Pat Kuts's Magic Scroll Emporium.
   935 | D:2      | Noticed Sigmund
   946 | D:2      | Killed Sigmund
   947 | D:2      | Reached skill level 1 in Armour
   947 | D:2      | Reached skill level 4 in Unarmed Combat
   947 | D:2      | Reached skill level 1 in Evocations
   947 | D:2      | Reached XP level 4. HP: 41/45 MP: 3/3
   947 | D:2      | Reached XP level 5. HP: 48/53 MP: 4/4
  1103 | D:2      | Identified the +5 helmet of the Oni {Int+4}
  1103 | D:2      | Noticed Robin
  1128 | D:2      | Killed Robin
  1305 | D:2      | Found Nonn's General Store.
  1444 | D:2      | Found a faded altar of an unknown god.
  1645 | D:3      | Reached XP level 6. HP: 62/62 MP: 5/5
  1832 | D:3      | Found a hide-covered altar of Uskayaw.
  1832 | D:3      | Found an ancient bone altar of Kikubaaqudgha.
  2301 | D:4      | Noticed Duvessa
  2301 | D:4      | Noticed Dowan
  2343 | D:4      | Killed Duvessa
  2347 | D:4      | Reached XP level 7. HP: 11/70 MP: 6/6
  2446 | D:4      | Killed Dowan
  2450 | D:4      | Reached skill level 5 in Unarmed Combat
  2495 | D:4      | Found a stormy altar of Qazlal.
  2821 | D:5      | Entered Level 5 of the Dungeon
  2838 | D:5      | Found Ihoky's Assorted Antiques.
  2859 | D:5      | Reached XP level 8. HP: 62/79 MP: 7/7
  2901 | D:5      | Bought a brown potion for 19 gold pieces
  2901 | D:5      | Bought a long fluorescent wand for 88 gold pieces
  3049 | D:5      | Found a sand-covered staircase.
  3060 | Ossuary  | Entered an ossuary
  3450 | D:5      | Found a basalt altar of Yredelemnul.
  3680 | D:5      | Found a runed translucent door.
  3683 | D:5      | Noticed IsvaffelMax's ghost (novice OpSh)
  3689 | D:5      | Killed IsvaffelMax's ghost
  3690 | D:5      | Reached skill level 5 in Fighting
  3690 | D:5      | Reached skill level 6 in Unarmed Combat
  3894 | D:6      | Noticed Eustachio
  3911 | D:6      | Noticed Grinder
  3915 | D:6      | Killed Eustachio
  3924 | D:6      | Paralysed by Grinder for 4 turns
  3931 | D:6      | Killed Grinder
  3984 | D:6      | Noticed Pascal76's ghost (novice MiFi)
  3991 | D:6      | Found a burning altar of Makhleb.
  4154 | D:6      | Found a runed translucent gate.
  4154 | D:6      | Found a runed translucent gate.
  4154 | D:6      | Found a runed translucent gate.
  4226 | D:6      | Reached XP level 9. HP: 73/89 MP: 8/8
  4266 | D:6      | Noticed Blork the orc
  4274 | D:6      | Killed Blork the orc
  4343 | D:6      | Found Eqeoromi's Armour Emporium.
  4444 | D:6      | Found a snail-covered altar of Cheibriados.
  4468 | D:6      | Found a shadowy altar of Dithmenos.
  4534 | D:6      | Found a staircase to the Ecumenical Temple.
  4542 | Temple   | Entered the Ecumenical Temple
  4675 | D:6      | Reached skill level 7 in Unarmed Combat
  4687 | D:6      | Killed Pascal76's ghost
  5132 | D:7      | Found a sacrificial altar of Ru.
  5176 | D:7      | Reached skill level 5 in Dodging
  5211 | D:7      | Became a worshipper of Ru the Awakened
  5235 | D:7      | Gained mutation: You cannot be stealthy. [Ru sacrifice]
  5279 | D:7      | Found an ornate altar of the Wu Jian Council.
  5720 | D:7      | Found a white marble altar of Elyvilon.
  5826 | D:7      | Reached skill level 8 in Unarmed Combat
  6020 | D:8      | Found a staircase to the Lair.
  6058 | D:8      | HP: 4/92 [orc priest/divine providence (16)]
  6059 | D:8      | Reached XP level 10. HP: 4/100 MP: 9/9
  6068 | D:8      | HP: 2/102 [warg (9)]
  6071 | D:8      | Slain by a gnoll sergeant

Illustrated notes

Levels and vault maps discovered:
D:1:      dpeg_arrival_pits, layout_basic
D:2:      layout_loops_ring, serial_shops, shop, shop, shop, nicolae_shop_trees,
          hellmonk_ecumenical_altar_leap_of_faith, minmay_tiny_reverse_x,
          uniq_robin, uniq_sigmund
D:3:      layout_rooms, mainiacjoe_overflow_divided_tiny
D:4:      layout_cave_pods, nicolae_qazlal_beasts_of_the_sky,
          serial_library_hellmonk_reading_circle, uniq_duvessa
D:5:      layout_loops_ring, lemuel_round_altar, enter_ossuary_3, serial_shops,
          nicolae_shop_trees, ebering_ghost_reflecting_pool
D:6:      layout_gridville, grunt_dithmenos_shadows,
          mainiacjoe_overflow_cross_hatched, kennysheep_mini_moat,
          temple_statues, serial_shops, nicolae_shop_hallway_stairs,
          gammafunk_ghost_icy, uniq_blork_the_orc, uniq_grinder, uniq_eustachio
D:7:      layout_layer_cave, kennysheep_mini,
          mainiacjoe_overflow_six_doors_small, nicolae_wu_jian_wuxing_cycle,
          minmay_increasing_density
D:8:      layout_basic, mainiacjoe_overflow_big_doors,
          erik_lair_orcish_takeover, gammafunk_ghost_split, serial_shops,
          nicolae_shop_gaudy_bauble
Temple:   hellmonk_temple_beads

Skill      XL: |  1  2  3  4  5  6  7  8  9 10 |
---------------+-------------------------------+-----
Fighting       | 3 4 5 6 7 |  7.0
Armour         | 1 2 3 4 |  4.5
Dodging        | 3 4 5 |  5.3
Unarmed Combat | 4 5 6 8 |  8.3
Evocations     | 1 2 3 |  3.9
Shapeshifting  | |  0.4

Action                     |  1- 3 |  4- 6 |  7- 9 | 10-12 || total
---------------------------+-------+-------+-------+-------++-------
  Melee: Unarmed           |    66 |   110 |   346 |     1 ||   523
 Invoke: Sacrifice Stealth |       |       |     1 |       ||     1
  Evoke: Wand              |       |       |     3 |     4 ||     7
    Use: Potion            |       |     5 |     5 |     4 ||    14
         Scroll            |       |       |    15 |     2 ||    17
   Stab: Invisible         |       |       |     1 |       ||     1
 Armour: Robe              |    37 |   136 |   241 |     8 ||   422
  Dodge: Dodged            |    30 |    55 |   212 |     2 ||   299

Table legend: (Time is in decaauts)
 A = Elapsed time spent in this place.
 B = Non-inter-level travel time spent in this place.
 C = Inter-level travel time spent in this place.
 D = Time resting spent in this place.
 E = Time spent auto-exploring this place.
 F = Levels seen in this place.
 G = Mean time per level.
                   A        B        C        D        E       F      G
               +--------+--------+--------+--------+--------+-----+--------+
         Total |   6026 |   5809 |    217 |     28 |   4324 |  10 |  602.6 |
       Dungeon |   5681 |   5464 |    217 |     28 |   4157 |   8 |  710.1 |
        Temple |      1 |      1 |      0 |      0 |      0 |   1 |    1.0 |
       Ossuary |    343 |    343 |      0 |      0 |    167 |   1 |  343.0 |
               +--------+--------+--------+--------+--------+-----+--------+

Top non-repeatable levels by time:
     D:7: 1254 daAuts
     D:4: 883 daAuts
     D:6: 861 daAuts
     D:2: 750 daAuts
     D:1: 740 daAuts
     D:5: 709 daAuts
     D:3: 431 daAuts
 Ossuary: 343 daAuts
     D:8: 51 daAuts
  Temple: 1 daAuts
